 Dungeon Crawl Stone Soup version 0.30-b1-2-g02819fbbbe (console) character file.

Game seed: 14799394839294685866

36560 unihiutale the Unseen (level 13, 0/61 HPs)
             Began as a Felid Wanderer on Jan 17, 2024.
             Was a Follower of Uskayaw.
             Shot with an arrow by a +3 longbow of Roffyet {speed, rF+ rC+ rN+ SInv} (25 damage)
             ... in a wizard's laboratory on Jan 18, 2024.
             The game lasted 02:40:19 (34926 turns).

unihiutale the Unseen (Felid Wanderer)             Turns: 34926, Time: 02:40:20

Health: 0/61       AC:  3    Str: 13    XL:     13   Next: 53%
Magic:  0/28       EV: 25    Int: 21    God:    Uskayaw [*.....]
Gold:   2259       SH:  0    Dex: 18    Spells: 2/33 levels left
                                        Lives:  0   Deaths: 4

rFire   + .          .
                       - Unarmed
rCold   + . .        (shield unavailable)
rNeg    . . .        (body armour unavailable)
rPois   .            (helmet unavailable)
rElec   .            (cloak unavailable)
rCorr   .            (gloves unavailable)
SInv    +            (boots unavailable)
Will    +....        o - amulet of guardian spirit
Stlth   +++++++      l - ring of Niusot {rF+ Str+5 Int+5}
HPRegen 0.30/turn    f - ring of wizardry
MPRegen 0.21/turn

%: guardian spirit, wizardry (x1)
@: studying Fighting, quick
A: very small, claws 1, fangs 3, see invisible, speed 1, shaggy fur 3, stealthy
paws, no weapons or thrown items, no armour, multi-lived
a: Renounce Religion, Stomp


You were in a wizard's laboratory.
You worshipped Uskayaw.
Uskayaw was noncommittal.
You visited 5 branches of the dungeon, and saw 23 of its levels.
You also visited: Ossuary, Volcano and Wizlab.

You collected 3905 gold pieces.
You spent 1646 gold pieces at shops.

Inventory:

Jewellery
 d - a +6 ring of strength
 f - a ring of wizardry (right paw)
 l - the ring of Niusot (left paw) {rF+ Str+5 Int+5}
   (You acquired it on level 10 of the Dungeon)

   [ring of protection from fire]

   Str:       It affects your strength (+5).
   Int:       It affects your intelligence (+5).
   rF:        It protects you from fire.
 o - an amulet of guardian spirit (around neck)
 t - a ring of ice
 u - a +4 ring of protection
 H - a ring of poison resistance
 J - a +4 ring of protection
 K - a ring of protection from fire
 M - a ring of positive energy
Wands
 w - a wand of roots (26)
 y - a wand of polymorph (8)
 C - a wand of flame (26)
 F - a wand of mindburst (4)
Scrolls
 e - 2 scrolls of fog
 g - 4 scrolls of teleportation
 i - 4 scrolls of amnesia
 k - 6 scrolls of identify
 m - 8 scrolls of noise
 q - 3 scrolls of poison
 z - 2 scrolls of torment
 A - 5 scrolls of immolation
 B - 3 scrolls of vulnerability
 D - 3 scrolls of magic mapping
 I - a scroll of summoning
 L - a scroll of fear
Potions
 a - 13 potions of curing
 b - 6 potions of attraction
 c - 10 potions of haste
 h - 4 potions of resistance
 j - 5 potions of heal wounds
 n - 3 potions of flight
 p - 5 potions of might
 r - a potion of ambrosia
 s - a potion of berserk rage
 v - 6 potions of brilliance
 x - 4 potions of invisibility
 E - 5 potions of lignification
 G - a potion of cancellation


   Skills:
 * Level 9.6 Fighting
 + Level 11.5 Dodging
 + Level 18.3 Stealth
 + Level 11.6 Unarmed Combat
 + Level 10.5 Spellcasting
 + Level 5.3 Conjurations
 + Level 9.7 Hexes
 + Level 9.0 Translocations
 + Level 3.3 Transmutations
 + Level 5.1 Fire Magic
 + Level 5.8 Ice Magic
 + Level 5.1 Air Magic
 * Level 0.8 Earth Magic
 - Level 3.2 Poison Magic
 * Level 0.4 Invocations


You had 2 spell levels left.
You knew the following spells:

 Your Spells              Type           Power      Damage    Failure   Level
a - Poisonous Vapours     Pois/Air       56%        N/A       1%          2
b - Mephitic Cloud        Conj/Pois/Air  30%        N/A       1%          3
c - Volatile Blastmotes   Fire/Tloc      80%        2d16      1%          3
d - Iskenderun's Mystic   Conj/Tloc      41%        2d9       1%          4
e - Ensorcelled Hibernat  Hex/Ice        86%        N/A       1%          2
f - Freezing Cloud        Conj/Ice/Air   16%        6-21      8%          5
g - Starburst             Conj/Fire      16%        6d6       38%         6
h - Ice Form              Ice/Tmut       30%        N/A       4%          4
i - Passwall              Tmut/Erth      16%        N/A       1%          2

Your spell library contained the following spells:

 Spells                   Type           Power      Damage    Failure   Level
 Cigotuvi's Dreadful Rot  Necr/Pois/Air  44%        N/A       1%          2
 Dazzling Flash           Conj/Hex       84%        N/A       1%          3
 Hailstorm                Conj/Ice       34%        3d9       1%          3
 Spider Form              Tmut/Pois      24%        N/A       1%          3
 Stone Arrow              Conj/Erth      48%        3d10      1%          3
 Swiftness                Air            32%        N/A       1%          3
 Manifold Assault         Tloc           48%        N/A       1%          4
 Anguish                  Hex/Necr       15%        N/A       3%          4
 Silence                  Hex/Air        21%        N/A       3%          5
 Dispersal                Tloc           24%        N/A       10%         6
 Animate Dead             Necr           11%        N/A       24%         4
 Agony                    Necr           11%        N/A       52%         5
 Simulacrum               Ice/Necr       11%        N/A       71%         6
 Disjunction              Tloc           24%        N/A       98%         8
 Lehudib's Crystal Spear  Conj/Erth      12%        10d4      100%        8


Dungeon Overview and Level Annotations

Branches:
Dungeon (14/15)            Temple (1/1) D:5            Lair (5/5) D:8
  Snake (0/4) Lair:2        Slime (0/5) Lair:4          Orc (2/2) D:9
    Elf (1/3) Orc:2        Vaults (0/5) D:13        Ossuary (visited)
Volcano (visited)          WizLab (1/1)
  Swamp: Lair:2-3    Shoals: Lair:2-3

Altars:
Fedhas
Kikubaaqudgha
Okawaru
Trog
Uskayaw
The Shining One
Jiyva

Shops:
D:8 (   D:10 =   D:12 *   Orc:1 =:   Orc:2 *:**[

Annotations:
D:13 exclusions: fire crab and guardian serpent
D:14 exclusion: 2 meliai
Lair:2 exclusions: hydra and tyrant leech
Elf:1 exclusion: dancing weapon WizLab exclusions: rakshasa and strange machine


Innate Abilities, Weirdness & Mutations

You have sharp claws.
You have razor-sharp teeth.
You have supernaturally acute eyesight. (SInv)
You cover ground quickly. (Speed+)
Your thick and shaggy fur keeps you warm. (AC +3, rC+)
Your paws help you pounce on unaware monsters.
You are incapable of wielding weapons or throwing items.
You cannot wear armour.
You gain extra lives every three experience levels.


Message History

The rakshasa gestures at you. The lance of force misses you.
The rakshasa is engulfed in freezing vapours.
You kill the rakshasa!
The rakshasa shimmers and vanishes!
You start resting.
HP restored.
You start resting.
Magic restored.
The +3 longbow of Roffyet {speed, rF+ rC+ rN+ SInv} shoots an arrow.
The arrow hits you!
The +3 longbow of Roffyet {speed, rF+ rC+ rN+ SInv} shoots an arrow.
The arrow hits you!!
As you read the scroll of fog, it crumbles to dust.
The scroll dissolves into smoke.
You miss the +3 longbow of Roffyet {speed, rF+ rC+ rN+ SInv}.
Your bite misses the +3 longbow of Roffyet {speed, rF+ rC+ rN+ SInv}.
The +3 longbow of Roffyet {speed, rF+ rC+ rN+ SInv} shoots an arrow.
The arrow completely misses you.
Okay, then.
Attack: -) Teeth and claws
Press: ? - help, Dir - move target, f - +3 longbow of Roffyet {speed, rF+ rC+ rN+ SInv}
Aim: a +3 longbow of Roffyet {speed, rF+ rC+ rN+ SInv} (blue smoke, about 47% to evade your paws)
Okay, then.
Unknown command.
Unknown command.
You claw the +3 longbow of Roffyet {speed, rF+ rC+ rN+ SInv}!
The +3 longbow of Roffyet {speed, rF+ rC+ rN+ SInv} is moderately damaged.
The +3 longbow of Roffyet {speed, rF+ rC+ rN+ SInv} shoots an arrow.
The arrow barely misses you.
The +3 longbow of Roffyet {speed, rF+ rC+ rN+ SInv} shoots an arrow.
The arrow completely misses you.
You scratch the +3 longbow of Roffyet {speed, rF+ rC+ rN+ SInv} but do no damage.
Your bite misses the +3 longbow of Roffyet {speed, rF+ rC+ rN+ SInv}.
The +3 longbow of Roffyet {speed, rF+ rC+ rN+ SInv} is moderately damaged.
The +3 longbow of Roffyet {speed, rF+ rC+ rN+ SInv} shoots an arrow.
The arrow hits you!
The +3 longbow of Roffyet {speed, rF+ rC+ rN+ SInv} shoots an arrow.
The arrow hits you!!!
You die...

#.(.###..⌠.
#..###....R #''#
##...# ##§§# ##.##
#..##
##§§§####...####...##
##§§§###.....###..R##
##§§§###.....###...##
##§§(###.....###...##
##§§@###..⌠..###...##
##.).###.....###...##
##...###.....###...##
###..###.....###..###
###).####...####.(###
#...# ###'### #...#
#''#####...#####++#
##..###.....###..##
##........)....##


You could see a +3 longbow of Roffyet {speed, rF+ rC+ rN+ SInv}.

Vanquished Creatures
  Jorgrun (D:13)
  An orc warlord (D:9)
  Nessos (Lair:5)
  3 rakshasas (WizLab)
  3 catoblepae (Lair:5)
  3 hydras
  2 centaur warriors
  A boulder beetle (Lair:4)
  3 dancing weapons
  5 death yaks (Lair:5)
  3 two-headed ogres
  2 orc high priests (Orc:2)
  2 skysharks
  Urug (Lair:5)
  A hell knight (Volcano)
  2 deep elf knights (Elf:1)
  A sixfirhy (Orc:2)
  A lindwurm (Lair:4)
  A deep elf archer (Elf:1)
  A wizard (D:13)
  9 deep elf pyromancers
  4 deep elf zephyrmancers
  5 orc knights
  4 orc sorcerers (Orc:2)
  4 cyclopes
  3 manticores
  6 ugly things (D:14)
  Joseph (D:7)
  11 black mambas
  9 elephants
  2 torpor snails
  9 cane toads
  An unseen horror (D:11)
  2 rime drakes
  6 komodo dragons
  7 trolls
  A hornet (D:7)
  6 polar bears
  Prince Ribbit (D:7)
  14 blink frogs
  Sigmund (D:5)
  3 slime creatures
  2 vampires
  5 wraiths
  72 yaks
  4 wyverns
  Eustachio (D:4)
  3 basilisks
  3 steam dragons
  7 vampire mosquitoes
  An acid dragon (D:12)
  2 swamp worms (Lair:2)
  2 wargs
  11 water moccasins
  Duvessa (D:7)
  A swamp drake (D:8)
  2 black bears (Lair:2)
  34 orc warriors
  2 ice beasts
  7 ogres
  The ghost of diceflayer the Chopper, an amateur DsFi (D:4)
  4 boggarts (Lair:4)
  21 wolves
  16 centaurs
  A phantom (D:6)
  2 kobold brigands
  13 bullfrogs
  4 scorpions
  3 gnoll sergeants
  15 wights
  Dowan (D:7)
  6 killer bees (D:5)
  3 electric eels
  3 howler monkeys
  2 vampire bats (D:8)
  A centaur zombie (Ossuary)
  A human zombie (Ossuary)
  18 orc priests
  5 hounds
  3 jellies
  Crazy Yiuf (D:6)
  A sleepcap (D:6)
  Natasha (thrice) (D:4)
  An iguana (Lair:2)
  Ijyb (D:4)
  19 orc wizards
  6 hell rats
  5 mummies (Ossuary)
  A howler monkey zombie (D:7)
  4 gnolls
  15 adders
  A shadow imp (D:7)
  4 white imps
  An ufetubus (D:5)
  4 worms
  3 dart slugs
  79 orcs
  5 bats
  5 bat skeletons (D:8)
  2 bat zombies (D:8)
  5 endoplasms
  10 giant cockroaches
  3 goblins
  9 hobgoblins
  7 jackals
  8 kobolds
  2 quokkas
  5 ball pythons
  3 frilled lizards (D:2)
  2 goblin zombies (Ossuary)
  2 hobgoblin zombies (Ossuary)
  2 orc zombies (Ossuary)
  4 rats
  2 rat zombies (D:8)
  A spectral goblin (D:1)
656 creatures vanquished.

Vanquished Creatures (others)
  An orc wizard (D:8)
  An orc (D:8)
  A kobold (D:8)
  3 bushes (D:7)
  14 fungi
  34 plants
  2 withered plants (D:4)
56 creatures vanquished.

Grand Total: 712 creatures vanquished

Notes
Turn   | Place    | Note
-------+----------+-------------------------------------------
     0 | D:1      | unihiutale the Felid Wanderer began the quest for the Orb.
     0 | D:1      | unihiutale set off with the following items: a potion of
                  | curing, a potion of attraction, a potion of haste.
     0 | D:1      | Reached XP level 1. HP: 11/11 MP: 3/3
   214 | D:1      | Reached XP level 2. HP: 15/15 MP: 4/4
   475 | D:1      | Found a faded altar of an unknown god.
   753 | D:1      | Reached skill level 1 in Stealth
   993 | D:2      | Learned a level 2 spell: Poisonous Vapours
  1101 | D:2      | Reached XP level 3. HP: 18/18 MP: 5/5
  1220 | D:2      | Reached skill level 1 in Unarmed Combat
  1430 | D:2      | Reached skill level 2 in Stealth
  1430 | D:2      | Reached XP level 4. HP: 22/22 MP: 3/6
  2096 | D:3      | Reached skill level 3 in Stealth
  2096 | D:3      | Reached XP level 5. HP: 19/25 MP: 4/7
  2249 | D:3      | Reached skill level 1 in Air Magic
  2274 | D:3      | Learned a level 3 spell: Mephitic Cloud
  2747 | D:4      | Found a runed translucent door.
  2753 | D:4      | Noticed diceflayer's ghost (amateur DsFi)
  2827 | D:4      | Gained mutation: You are covered in thick fur. (AC +2)
                  | [Felid growth]
  2827 | D:4      | Reached XP level 6. HP: 19/28 MP: 5/9
  2936 | D:4      | Reached skill level 4 in Stealth
  2936 | D:4      | Reached skill level 1 in Conjurations
  2936 | D:4      | Reached skill level 1 in Poison Magic
  3309 | D:4      | Reached XP level 7. HP: 18/32 MP: 3/11
  3344 | D:4      | Noticed Natasha
  3350 | D:4      | Killed Natasha
  3355 | D:5      | Entered Level 5 of the Dungeon
  3895 | D:5      | Noticed Sigmund
  3926 | D:5      | Killed Sigmund
  3927 | D:5      | Reached skill level 5 in Stealth
  4087 | D:5      | Found a staircase to the Ecumenical Temple.
  4111 | Temple   | Entered the Ecumenical Temple
  4244 | D:5      | Reached skill level 6 in Stealth
  4244 | D:5      | Reached XP level 8. HP: 8/36 MP: 2/14
  4250 | D:5      | HP: 1/36 [poisoned by a killer bee]
  5190 | D:6      | Found a runed translucent door.
  5191 | D:6      | Noticed Crazy Yiuf
  5413 | D:6      | Learned a level 3 spell: Volatile Blastmotes
  5557 | D:7      | Reached skill level 1 in Translocations
  5740 | D:7      | Noticed Prince Ribbit
  5773 | D:7      | Reached skill level 7 in Stealth
  5790 | D:8      | Slain by a wight
  5791 | D:8      | Reached XP level 7. HP: -4/29 MP: 0/14
  5819 | D:8      | Found an ancient bone altar of Kikubaaqudgha.
  5904 | D:8      | Found a sand-covered staircase.
  5921 | Ossuary  | Entered an ossuary
  6026 | Ossuary  | Reached XP level 8. HP: 32/36 MP: 12/15
  6116 | Ossuary  | Reached skill level 1 in Fire Magic
  6423 | D:8      | Found Kizeig's Weapon Emporium.
  6432 | D:8      | Reached skill level 8 in Stealth
  6948 | D:8      | Noticed a komodo dragon
  6982 | D:8      | Killed a komodo dragon
  6983 | D:8      | Reached skill level 5 in Unarmed Combat
  6983 | D:8      | Reached skill level 5 in Translocations
  7308 | D:8      | Noticed a komodo dragon
  7328 | D:8      | Reached XP level 9. HP: 37/39 MP: 4/16
  7430 | D:8      | Killed a komodo dragon
  7613 | D:8      | Found a staircase to the Lair.
  7784 | D:9      | Reached skill level 9 in Stealth
  7784 | D:9      | Reached skill level 5 in Spellcasting
  8097 | D:9      | Noticed a troll
  8126 | D:9      | Killed a troll
  8665 | D:9      | Found a staircase to the Orcish Mines.
  8665 | D:9      | Noticed a troll
  8670 | D:9      | Reached XP level 10. HP: 36/43 MP: 13/19
  9000 | D:9      | Reached skill level 10 in Stealth
  9992 | D:4      | Noticed Ijyb
 10006 | D:4      | Killed Ijyb
 10078 | D:4      | Noticed Natasha
 10086 | D:4      | Killed Natasha
 10184 | D:4      | Noticed Natasha
 10189 | D:4      | Killed Natasha
 10212 | D:4      | Noticed Eustachio
 10226 | D:4      | Killed Eustachio
 10371 | D:4      | Learned a level 4 spell: Iskenderun's Mystic Blast
 10395 | D:4      | Killed diceflayer's ghost
 10662 | D:6      | You fall into a shaft and drop 3 floors!
 11217 | D:6      | Killed Crazy Yiuf
 11590 | D:7      | Noticed Dowan
 11610 | D:7      | Noticed Duvessa
 11749 | D:7      | Killed Dowan
 12000 | D:7      | Killed Duvessa
 12462 | D:7      | Killed Prince Ribbit
 12560 | D:7      | Found a blossoming altar of Fedhas.
 12725 | D:7      | Noticed Joseph
 13032 | D:10     | Entered Level 10 of the Dungeon
 13283 | D:10     | Found Fuoheuh's Jewellery Shoppe.
 13498 | D:10     | Found a hide-covered altar of Uskayaw.
 13502 | D:10     | Found an iron altar of Okawaru.
 13584 | D:10     | Reached XP level 11. HP: 10/46 MP: 3/21
 13750 | D:10     | Identified 3 scrolls of acquirement
 13759 | D:10     | Acquired 816 gold pieces
 13760 | D:10     | Acquired the ring of Niusot {rF+ Str+5 Int+5}
 13761 | D:10     | Acquired 1062 gold pieces
 14143 | D:11     | Noticed a two-headed ogre
 14250 | D:11     | Killed a two-headed ogre
 14446 | D:11     | Reached skill level 5 in Fire Magic
 14684 | D:11     | Reached skill level 11 in Stealth
 15041 | D:12     | Noticed a deep elf pyromancer
 15049 | D:12     | Killed a deep elf pyromancer
 15050 | D:12     | Reached skill level 10 in Dodging
 15145 | D:12     | Reached skill level 5 in Fighting
 15173 | D:12     | Reached skill level 12 in Stealth
 15320 | D:12     | Got Uraiso's Almanac of the Ironbound Morgue
 15324 | D:12     | Learned a level 2 spell: Ensorcelled Hibernation
 15377 | D:12     | Noticed a deep elf pyromancer
 15411 | D:12     | Noticed a two-headed ogre
 15553 | D:12     | Killed a two-headed ogre
 15554 | D:12     | Reached skill level 1 in Hexes
 15944 | D:12     | Found Meron's General Store.
 16123 | D:12     | Reached skill level 1 in Ice Magic
 16173 | D:12     | Bought a potion of curing for 39 gold pieces
 16173 | D:12     | Bought a potion of heal wounds for 65 gold pieces
 17047 | D:7      | Killed Joseph
 17048 | D:7      | Gained mutation: Your thick and shaggy fur keeps you warm.
                  | (AC +3, rC+) [Felid growth]
 17048 | D:7      | Reached XP level 12. HP: 51/51 MP: 6/24
 17216 | D:10     | Became a worshipper of Uskayaw the Reveller
 17278 | D:13     | Reached * piety under Uskayaw
 17287 | D:12     | Reached ** piety under Uskayaw
 17570 | D:13     | Noticed a centaur warrior
 17577 | D:13     | Killed a centaur warrior
 17677 | D:13     | Found a gate to the Vaults.
 17689 | D:13     | Reached *** piety under Uskayaw
 17690 | D:13     | Reached skill level 13 in Stealth
 18051 | D:13     | Noticed Jorgrun
 18072 | D:13     | Killed from afar by Jorgrun
 18073 | D:13     | Reached XP level 11. HP: -35/47 MP: 0/23
 18500 | D:13     | Noticed a deep elf pyromancer
 18514 | D:13     | Killed a deep elf pyromancer
 18668 | D:14     | Noticed a tengu warrior
 18668 | D:14     | Noticed a tengu warrior
 18920 | Orc:1    | Entered Level 1 of the Orcish Mines
 18935 | Orc:1    | Noticed an orc warlord
 19374 | D:9      | Killed an orc warlord
 19375 | D:9      | Reached skill level 5 in Hexes
 19824 | Orc:1    | Reached **** piety under Uskayaw
 19832 | Orc:1    | Reached ***** piety under Uskayaw
 20003 | Orc:1    | Found Giun's Jewellery Shoppe.
 20035 | Orc:2    | Entered Level 2 of the Orcish Mines
 20039 | Orc:2    | Found Erruoleg's Armour Boutique.
 20061 | Orc:2    | Found a dark tunnel.
 20071 | Volcano  | Entered a volcano
 20125 | Volcano  | Noticed a hell knight
 20134 | Volcano  | Killed a hell knight
 20135 | Volcano  | Reached skill level 14 in Stealth
 20232 | Volcano  | Reached skill level 10 in Unarmed Combat
 20259 | Volcano  | Noticed a centaur warrior
 20265 | Volcano  | Killed a centaur warrior
 20424 | Orc:2    | Noticed an orc knight
 20456 | Orc:1    | Reached XP level 12. HP: 38/51 MP: 14/25
 20671 | Orc:1    | Noticed a two-headed ogre
 20678 | Orc:1    | Killed a two-headed ogre
 20763 | Orc:1    | Found Ihorusch's Book Boutique.
 20768 | Orc:1    | Bought a manual of Fighting for 1120 gold pieces
 21023 | Orc:2    | Found Niresy's General Store.
 21024 | Orc:2    | Found Ryasumoi's General Store.
 21041 | Orc:2    | Learned a level 5 spell: Freezing Cloud
 21048 | Orc:2    | Learned a level 6 spell: Starburst
 21301 | Orc:2    | Found Byar's Book Shoppe.
 21456 | Orc:2    | Found a staircase to the Elven Halls.
 21648 | Orc:2    | Found Goonlive's Assorted Antiques.
 22223 | Orc:2    | Bought a scroll of summoning for 142 gold pieces
 22242 | Orc:2    | Noticed an orc high priest
 22403 | Lair:1   | Entered Level 1 of the Lair of Beasts
 23695 | Lair:1   | Reached skill level 15 in Stealth
 24565 | Lair:2   | Found a staircase to the Snake Pit.
 24625 | Lair:2   | HP: 1/53 [cane toad (12)]
 24918 | Lair:2   | Reached XP level 13. HP: 56/56 MP: 26/26
 26612 | Lair:3   | Reached skill level 16 in Stealth
 26633 | Lair:3   | Reached skill level 5 in Ice Magic
 27371 | Lair:4   | HP: 3/87 [wolf (6)]
 27371 | Lair:4   | Slain by a wolf
 27372 | Lair:4   | Reached XP level 12. HP: -3/81 MP: 0/25
 27372 | Lair:4   | Noticed a boulder beetle
 27373 | Lair:4   | Killed a boulder beetle
 27511 | Lair:4   | Found a viscous altar of Jiyva.
 27512 | Lair:4   | Found a staircase to the Slime Pits.
 28416 | Lair:5   | Entered Level 5 of the Lair of Beasts
 28436 | Lair:5   | Reached XP level 13. HP: 58/58 MP: 15/27
 28440 | Lair:5   | Reached skill level 5 in Conjurations
 28555 | Lair:5   | Noticed Nessos
 28564 | Lair:5   | Learned a level 4 spell: Ice Form
 28989 | Orc:1    | Bought a book of Burglary for 280 gold pieces
 29820 | D:13     | Killed Jorgrun
 30015 | D:14     | Reached skill level 1 in Transmutations
 30684 | D:14     | Reached skill level 17 in Stealth
 31473 | Lair:5   | Noticed Urug
 31549 | Lair:5   | Reached skill level 5 in Air Magic
 32364 | Lair:5   | Reached XP level 14. HP: 42/64 MP: 12/28
 32950 | Lair:5   | Learned a level 2 spell: Passwall
 33113 | Lair:5   | Killed Nessos
 33204 | Lair:5   | Killed Urug
 33812 | Orc:2    | Reached skill level 10 in Spellcasting
 33915 | Orc:2    | Reached skill level 18 in Stealth
 33982 | Elf:1    | Entered Level 1 of the Elven Halls
 34472 | Elf:1    | Noticed a deep elf sorcerer
 34484 | Elf:1    | HP: 1/56 [+5 mace of draining (17)]
 34484 | Elf:1    | Mangled by a +5 mace of draining
 34485 | Elf:1    | Reached XP level 13. HP: -9/47 MP: 0/28
 34538 | Elf:1    | Found a magical portal.
 34547 | WizLab   | Entered Tukima's Studio
 34693 | WizLab   | Noticed a strange machine
 34799 | WizLab   | Identified the +3 longbow of Roffyet {speed, rF+ rC+ rN+
                  | SInv}
 34926 | WizLab   | Shot with an arrow by a +3 longbow of Roffyet {speed, rF+
                  | rC+ rN+ SInv}

Illustrated notes

Levels and vault maps discovered:
D:1:      lemuel_arrival_tunnels, layout_basic,
          dreamdust_ecumenical_altar_drowned_temple
D:2:      layout_basic, basic_altar
D:3:      minmay_roachtagon, layout_rooms, serial_corexii_hall,
          corexii_hall_statues_x, chequers_hall_statues_wall_a,
          corexii_hall_statues_s, chequers_hall_statues_wall_a,
          grunt_ministairs_14
D:4:      layout_basic, gammafunk_ghost_grave, minmay_misc_feat_rugged,
          uniq_ijyb, uniq_natasha, uniq_eustachio
D:5:      layout_cave_pods, temple_green, kennysheep_generic_room_7,
          uniq_sigmund
D:6:      layout_cave_pools, serial_co_window_serial, co_window_paths_a,
          co_window_paths_a, co_window_corner_a, co_window_corner_a,
          co_window_paths_b, co_window_of_opportunity_c, co_window_broadway_a,
          co_window_2corner, co_window_4corner_a, co_window_sun,
          glass_columns_c, glass_columns_c, glass_columns_a, glass_columns_a,
          nicolae_lava_and_water, uniq_crazy_yiuf_cottage
D:7:      layout_basic, fedhas_altar_decomposition, hangedman_decor_growths,
          uniq_duvessa, uniq_prince_ribbit1, uniq_joseph
D:8:      layout_gridville, kennysheep_vampire_church, erik_lair_dragon,
          serial_shops, nicolae_shop_bloodbath_and_beyond, enter_ossuary_4
D:9:      layout_basic, kennysheep_orc_monster_closet_entryway
D:10:     layout_rooms, minitemple, serial_shops,
          nicolae_shop_tiny_real_fake_doors, kennysheep_dice
D:11:     layout_roguey
D:12:     layout_cave_pods, minivault_10, nicolae_stop_n_shop_1,
          minmay_fractal_squares_diagonal_5
D:13:     layout_irregular_city, david_vaults_1, uniq_jorgrun
D:14:     layout_loops_ring, hangedman_glass_teeth, kb_tengu_band
Temple:   hc_temple_tempest_star
Lair:1:   layout_layer_cave, serial_bayou_shore_a, serial_bayou_shore_b
Lair:2:   layout_big_grid, palyth_hydra_swamp_entry,
          minmay_snake_entry_six_corridors, gammafunk_lair_bear_cave,
          infiniplex_staircase_pool
Lair:3:   layout_roguey
Lair:4:   layout_hall_layers, slime_entry_1, kilobyte_rumbling_trees
Lair:5:   evilmike_catoblepas_cave, layout_layer_cave, uniq_urug, uniq_nessos
Orc:1:    layout_caves, serial_shops, nicolae_shop_hallway_plus,
          nicolae_shop_peninsula, mines2_lemuel
Orc:2:    pf_orc_diabolical, layout_caves, serial_shops,
          nicolae_shop_real_fake_doors, shop, shop, enter_volcano_1,
          basic_altar, nicolae_orc_lost_temple
Elf:1:    nicolae_elf_arrival_fired_up, layout_geoelf_octagon,
          mu_enter_wizlab_3, serial_glass, glass_columns_a, glass_columns_a,
          evilmike_minifort, uniq_asterion
WizLab:   wizlab_tukima

Skill      XL: |  1  2  3  4  5  6  7  8  9 10 11 12 13 14 |
---------------+-------------------------------------------+-----
Stealth        | 1 2 3 4 6 8 9 10 14 15 17 18 | 18.3
Dodging        | 7 8 9 10 11 | 11.5
Unarmed Combat | 1 2 3 5 6 7 10 11 | 11.6
Air Magic      | 1 2 3 4 5 |  5.1
Conjurations   | 1 2 3 5 |  5.3
Poison Magic   | 1 2 3 |  3.2
Spellcasting   | 2 3 4 5 6 8 9 10 | 10.5
Translocations | 3 5 6 8 9 |  9.0
Fire Magic     | 2 3 4 5 |  5.1
Fighting       | 5 8 9 |  9.6
Hexes          | 6 9 8 |  9.7
Ice Magic      | 3 4 5 |  5.8
Transmutations | 2 3 |  3.3
Earth Magic    | |  0.8
Invocations    | |  0.4

Action                     |  1- 3 |  4- 6 |  7- 9 | 10-12 | 13-15 || total
---------------------------+-------+-------+-------+-------+-------++-------
  Melee: Unarmed           |   153 |   148 |   304 |   970 |   371 ||  1946
         Bite              |    14 |    17 |    30 |   140 |    48 ||   249
         Punch             |     1 |     1 |     9 |    61 |    30 ||   102
   Cast: Poisonous Vapours |     3 |    30 |    91 |   153 |    87 ||   364
         Volatile Blastmot |       |       |    12 |     7 |     7 ||    26
         Mephitic Cloud    |       |       |    11 |    51 |    19 ||    81
         Iskenderun's Myst |       |       |       |    21 |     3 ||    24
         Ensorcelled Hiber |       |       |       |   160 |    98 ||   258
         Freezing Cloud    |       |       |       |     1 |    13 ||    14
         Ice Form          |       |       |       |       |     1 ||     1
         Passwall          |       |       |       |       |     2 ||     2
 Invoke: Line Pass         |       |       |       |     1 |     1 ||     2
         Stomp             |       |       |       |     1 |       ||     1
  Evoke: Wand              |       |       |     2 |       |     1 ||     3
    Use: Scroll            |       |       |    10 |    22 |     8 ||    40
         Potion            |       |       |     1 |     4 |     2 ||     7
   Stab: Sleeping          |     5 |     6 |    17 |    87 |    69 ||   184
         Confused          |       |       |     8 |    24 |    11 ||    43
         Distracted        |       |       |     1 |     4 |     5 ||    10
         Paralysed         |       |       |       |    23 |    20 ||    43
         Petrifying        |       |       |       |       |     2 ||     2
         Petrified         |       |       |       |       |     2 ||     2
 Armour: Skin              |    10 |     4 |    13 |    32 |    15 ||    74
  Dodge: Dodged            |   148 |   110 |   272 |  1049 |   452 ||  2031
